 Dungeon Crawl Stone Soup version 0.31-a0-66-ge618eeaa78 (webtiles) character file.

Game seed: 303491342906579949

1313 lunkers the Geomancer (level 9, 0/64 HPs)
             Began as a Meteoran Wanderer on May 23, 2023.
             Slain by a killer bee (6 damage)
             ... on level 8 of the Dungeon.
             The game lasted 00:06:27 (2574 turns).

lunkers the Geomancer (Meteoran Wanderer)           Turns: 2574, Time: 00:06:27

Health: 0/64       AC:  6    Str: 12    XL:     9   Next: 13%
Magic:  4/18       EV: 13    Int: 18    God:
Gold:   252        SH:  0    Dex: 22    Spells: 15/19 levels left

rFire   . . .        b - +4 mace
rCold   . . .        (no shield)
rNeg    . . .        c - +0 robe
rPois   .            j - +1 helmet
rElec   .            (no cloak)
rCorr   .            d - +0 pair of gloves
SInv    .            t - +0 pair of boots
Will    +....        p - amulet of magic regeneration
Stlth   +            e - +6 ring of dexterity
HPRegen 0.30/turn    (no ring)
MPRegen 0.56/turn

%: no passive effects
@: glowing
A: sense surroundings 2, otherworldly, glowing, explore regen
a: no special abilities


You were on level 8 of the Dungeon.
You visited 1 branch of the dungeon, and saw 8 of its levels.

You collected 252 gold pieces.

Inventory:

Hand Weapons
 a - a +0 dagger
 b - a +4 mace (weapon)
Armour
 c - a +0 robe (worn)
 d - a +0 pair of gloves (worn)
 j - a +1 helmet (worn)
 t - a +0 pair of boots (worn)
 x - a +0 pair of gloves
Jewellery
 e - a +6 ring of dexterity (left hand)
 p - an amulet of magic regeneration (around neck)
 w - an amulet of the acrobat
Wands
 n - a wand of quicksilver (7)
 y - a wand of charming (3)
 A - a wand of polymorph (9)
Scrolls
 m - a scroll of identify
 o - a scroll of teleportation {unknown}
 z - a scroll of magic mapping {unknown}
Potions
 f - a potion of heal wounds {unknown}
 g - 2 potions of magic {unknown}
 h - 3 potions of might
 i - 2 potions of lignification {unknown}
 l - a potion of curing {unknown}
 q - a potion of ambrosia {unknown}
 r - a potion of brilliance {unknown}
 s - a potion of degeneration {unknown}
 u - 2 potions of haste {unknown}
 v - a potion of attraction {unknown}
 B - a potion of enlightenment {unknown}


   Skills:
 - Level 1.1 Fighting
 - Level 1.2 Armour
 - Level 2.4 Dodging
 - Level 1.0 Stealth
 + Level 5.6 Spellcasting
 * Level 7.0 Conjurations
 - Level 2.4 Summonings
 * Level 8.3 Earth Magic


You had 15 spell levels left.
You knew the following spells:

 Your Spells              Type           Power      Damage    Failure   Level
a - Stone Arrow           Conj/Erth      60%        3d10      1%          3
b - Sandblast             Erth           70%        2d15      1%          1

Your spell library contained the following spells:

 Spells                   Type           Power      Damage    Failure   Level
 Summon Small Mammal      Summ           52%        N/A       4%          1
 Beastly Appendage        Tmut           10%        N/A       12%         1
 Wereblood                Tmut           5%         N/A       19%         2
 Animate Armour           Summ/Erth      44%        N/A       19%         4
 Spider Form              Tmut/Pois      2%         N/A       45%         3
 Summon Ice Beast         Ice/Summ       6%         N/A       69%         4
 Summon Mana Viper        Hex/Summ       6%         N/A       95%         5
 Monstrous Menagerie      Summ           6%         N/A       100%        7


Dungeon Overview and Level Annotations

Branches:
Dungeon (8/15) Zot: 2165
 Temple: D:4-7         Lair: D:8-11

Altars:
Dithmenos
Qazlal
Xom
The Shining One

Shops:
D:6 *(*


Innate Abilities, Weirdness & Mutations

You passively map the area around you.
You are easily found by Zot.
You glow in the dark.
You regain HP and MP as you explore.


Message History

The killer bee is heavily wounded.
* * * LOW MAGIC WARNING * * *
The killer bee barely misses you. The killer bee closely misses you. x2
Your magical contamination has completely faded away.
Unknown command.
Unknown command.
Unknown command.
Casting: Sandblast (safe; 1% risk of failure)
Confirm with . or Enter, or press ? or * to list all spells.
Aiming: Sandblast (safe; 1% risk of failure)
Press: ? - help, Shift-Dir - straight line, f/p - wight
Aim: a wight, wielding a +3 battleaxe and wearing a +0 robe (heavily damaged, 84% to hit)
The blast of sand hits the killer bee!
You kill the killer bee!
* * * LOW MAGIC WARNING * * *
The killer bee closely misses you. The killer bee stings you.
* * * LOW HITPOINT WARNING * * *
Your Conjurations skill increases to level 7!
Unknown command.
Unknown command.
As you read the scroll labelled TOIRPH ZIXEMASA, it crumbles to dust.
The creatures around you are filled with an inner flame!
It was a scroll of immolation.
The killer bee stings you.
* * * LOW HITPOINT WARNING * * *
The killer bee barely misses you.
Unknown command.
As you read the scroll of fear, it crumbles to dust.
You assume a fearsome visage.
The wight is unaffected. x3
The centaur looks frightened!
The killer bee looks frightened!
Cornered, the centaur turns to fight!
Cornered, the killer bee turns to fight!
The killer bee closely misses you.
As you read the scroll labelled JEBUEWEBRI, it crumbles to dust.
It is a scroll of identify.
h - 3 potions of might The killer bee closely misses you.
The killer bee stings you but does no damage.
Unknown command.
The killer bee stings you.
You die...

.y...####.####.# #.
,.....y.....[...# ... #.
.....####...#### .....# #.
..........### ....# #.
,.,...>....# #..# #. *
,,.......z##### ####.###.
...#..zz#...######........
*##
####c#.................
#####.#@...#.###.......>
#.....y....#.# #........
#.###.#....#.# #........ *
#.#....#.# #........ *,
#.#....#.# #........ *
#.#....#.......##### *,
#.#.#########..., * #.#.#
* #.##. , ,*#.#.# , ...


You could see a killer bee (inner flame).

Vanquished Creatures
  3 water moccasins
  An ogre (D:7)
  An orc warrior (D:6)
  A phantom (D:5)
  3 wights (D:8)
  5 killer bees (D:8)
  2 jellies
  2 hounds
  A gnoll bouda (D:8)
  An iguana (D:5)
  4 orc wizards
  5 gnolls
  2 adders
  A worm (D:3)
  A dart slug (D:5)
  10 orcs
  3 ball pythons
  7 endoplasms
  A giant cockroach (D:3)
  2 goblins (D:1)
  6 hobgoblins
  2 quokkas
  5 bats
  4 frilled lizards
  4 kobolds
  2 rats
79 creatures vanquished.

Notes
Turn   | Place    | Note
-------+----------+-------------------------------------------
     0 | D:1      | lunkers the Meteoran Wanderer began the quest for the Orb.
     0 | D:1      | lunkers set off with the following items: a +0 dagger, a
                  | scroll of fear, a +0 robe, a +0 pair of gloves; and the
                  | following spells available to memorise: Sandblast, Summon
                  | Small Mammal, Stone Arrow, Animate Armour, Summon Ice
                  | Beast.
     0 | D:1      | Reached XP level 1. HP: 16/16 MP: 3/3
     2 | D:1      | Learned a level 1 spell: Sandblast
   160 | D:1      | Reached XP level 2. HP: 23/23 MP: 1/5
   177 | D:1      | Reached skill level 3 in Earth Magic
   264 | D:1      | Reached XP level 3. HP: 28/28 MP: 3/7
   801 | D:3      | Reached skill level 4 in Earth Magic
   801 | D:3      | Reached XP level 4. HP: 35/35 MP: 4/8
   815 | D:3      | Learned a level 3 spell: Stone Arrow
  1338 | D:5      | Entered Level 5 of the Dungeon
  1341 | D:5      | Reached skill level 1 in Conjurations
  1359 | D:5      | Reached XP level 5. HP: 37/40 MP: 7/10
  1375 | D:5      | Found a glowing golden altar of the Shining One.
  1378 | D:5      | Noticed a gnoll sergeant
  1515 | D:5      | Noticed a phantom
  1532 | D:5      | Reached skill level 5 in Earth Magic
  1532 | D:5      | Reached XP level 6. HP: 47/47 MP: 7/11
  1609 | D:5      | Noticed a water moccasin
  1614 | D:5      | Killed a water moccasin
  1615 | D:5      | Reached XP level 7. HP: 52/52 MP: 11/13
  1634 | D:6      | Found Nacer's General Store.
  1645 | D:6      | Found a shimmering altar of Xom.
  1654 | D:6      | Found Qiysetete's Weapon Emporium.
  1657 | D:6      | Found Quehumy's General Store.
  1677 | D:6      | Reached skill level 6 in Earth Magic
  1826 | D:7      | Found a shadowy altar of Dithmenos.
  1882 | D:7      | Reached skill level 5 in Conjurations
  1882 | D:7      | Reached XP level 8. HP: 56/59 MP: 6/15
  1987 | D:7      | Reached skill level 7 in Earth Magic
  2065 | D:7      | Reached skill level 5 in Spellcasting
  2547 | D:8      | Found a stormy altar of Qazlal.
  2561 | D:8      | Reached skill level 8 in Earth Magic
  2565 | D:8      | Gained mutation: You passively map the area around you.
                  | [Meteoran growth]
  2565 | D:8      | Reached XP level 9. HP: 32/64 MP: 4/18
  2574 | D:8      | Slain by a killer bee

Illustrated notes

Levels and vault maps discovered:
D:1:      dpeg_arrival_round_b, layout_basic
D:2:      layout_basic, basic_altar, minmay_misc_feat_secret_circle
D:3:      layout_loops_cross
D:4:      layout_cave_pods, gammafunk_temple_overflow_forgotten, uniq_sigmund,
          uniq_crazy_yiuf_cottage
D:5:      layout_basic, nicolae_tso_carved_into_rock, moated_statue
D:6:      layout_cave_pods, mainiacjoe_overflow_cross_hatched,
          minmay_temple_entry_gardened_gates, serial_column_ruins,
          column_ruins_open_small, column_ruins_grid_1, column_ruins_grid_1,
          column_ruins_columns_plus, column_ruins_corridor_straight,
          column_ruins_columns_dead_end, cheibrodos_sewer_entry_bend,
          serial_shops, shop, nicolae_stop_n_shop_2, shop, shop,
          minmay_manual_mess
D:7:      layout_basic, mainiacjoe_overflow_paths, grunt_decor_junction
D:8:      layout_basic, lemuel_blue_sif_altar, old_standard_altar

Skill      XL: |  1  2  3  4  5  6  7  8  9 |
---------------+----------------------------+-----
Earth Magic    | 3 4 5 6 8 |  8.3
Spellcasting   | 2 3 4 5 |  5.6
Conjurations   | 1 2 3 5 6 7 |  7.0
Fighting       | |  1.1
Armour         | |  1.2
Dodging        | |  2.4
Stealth        | |  1.0
Summonings     | |  2.4

Action                     |  1- 3 |  4- 6 |  7- 9 || total
---------------------------+-------+-------+-------++-------
  Melee: Dagger            |     1 |       |       ||     1
   Cast: Sandblast         |    34 |    67 |    23 ||   124
         Stone Arrow       |       |       |    36 ||    36
    Use: Scroll            |       |     1 |     4 ||     5
 Armour: Robe              |     4 |    15 |    10 ||    29
  Dodge: Dodged            |     6 |    24 |    36 ||    66

Table legend: (Time is in decaauts)
 A = Elapsed time spent in this place.
 B = Non-inter-level travel time spent in this place.
 C = Inter-level travel time spent in this place.
 D = Time resting spent in this place.
 E = Time spent auto-exploring this place.
 F = Levels seen in this place.
 G = Mean time per level.
                   A        B        C        D        E       F      G
               +--------+--------+--------+--------+--------+-----+--------+
         Total |   2634 |   2549 |     85 |      0 |   1841 |   8 |  329.2 |
       Dungeon |   2634 |   2549 |     85 |      0 |   1841 |   8 |  329.2 |
               +--------+--------+--------+--------+--------+-----+--------+

Top non-repeatable levels by time:
     D:7: 492 daAuts
     D:1: 407 daAuts
     D:2: 334 daAuts
     D:3: 322 daAuts
     D:5: 317 daAuts
     D:8: 307 daAuts
     D:4: 302 daAuts
     D:6: 150 daAuts
